 Dungeon Crawl Stone Soup version 0.19.0-2-gae57169 (webtiles) character file.

528 PhynixH2O the Skirmisher (level 7, -1/59 HPs)
             Began as a Demonspawn Gladiator on Nov 4, 2016.
             Was a Believer of Okawaru.
             Killed from afar by Blork the orc (4 damage)
             ... with a magic dart
             ... on level 4 of the Dungeon.
             The game lasted 00:14:04 (4023 turns).

PhynixH2O the Skirmisher (Demonspawn Gladiator)     Turns: 4023, Time: 00:14:05

Health: -1/59      AC:  6    Str: 17    XL:     7   Next: 3%
Magic:  6/7        EV: 12    Int: 10    God:    Okawaru [**....]
Gold:   253        SH:  0    Dex: 13    Spells: 0 memorised, 6 levels left

rFire  . . .     SeeInvis .     a - +0 war axe
rCold  . . .     Gourm    .     b - +0 leather armour
rNeg   . . .     Faith    .     (no shield)
rPois  .         Spirit   .     c - +0 helmet
rElec  .         Reflect  .     (no cloak)
rCorr  .         Harm     .     (no gloves)
MR     .....                    (no boots)
Stlth  +.........               (no amulet)
                                (no ring)
                                (no ring)

@: no status effects
A: iridescent scales 1, demonic guardian 1, powered by death 1
a: Heroism, Renounce Religion


You were on level 4 of the Dungeon.
You worshipped Okawaru.
Okawaru was pleased with you.
You were not hungry.

You visited 1 branch of the dungeon, and saw 4 of its levels.

You collected 253 gold pieces.

Inventory:

Hand Weapons
 a - a +0 war axe (weapon)
Missiles
 d - a throwing net (quivered)
Armour
 b - a +0 leather armour (worn)
 c - a +0 helmet (worn)
 o - a +0 ring mail
Scrolls
 j - 2 scrolls of identify
 m - a scroll of noise
 s - a scroll of blinking {unknown}
 t - a scroll of immolation {unknown}
 v - a scroll of remove curse {unknown}
 y - a scroll of fog {unknown}
Potions
 e - a potion of haste
 g - a potion of lignification {unknown}
 l - a potion of brilliance {unknown}
 n - 2 potions of agility {unknown}
 p - a potion of invisibility {unknown}
 q - 3 potions of curing {unknown}
 u - a potion of heal wounds {unknown}
 w - a potion of magic {unknown}
Comestibles
 f - 3 bread rations
 h - 3 chunks of flesh
 i - 2 slices of pizza
 k - 6 meat rations
 r - a beef jerky
 x - 3 fruits


   Skills:
 * Level 6.4 Fighting
 + Level 4.6 Axes
 - Level 1.7 Throwing
 - Level 2.6 Dodging


You had 6 spell levels left.
You didn't know any spells.

Dungeon Overview and Level Annotations

Branches:
Dungeon (4/15)
 Temple: D:4-7

Altars:
Ashenzari
Okawaru

Annotations:
D:3 1 runed door
D:4 Blork the orc


Innate Abilities, Weirdness & Mutations

You are partially covered in iridescent scales. (AC +2)
A weak demonic guardian rushes to your aid.
You regenerate a little health from kills.


Message History

The gnoll hits you but does no damage. Something hits you but does no damage.
The gnoll hits you from afar with a halberd!
Something hits you!
You gain the combat prowess of a mighty hero.
You hear some strange, mumbled words.
A puff of frost appears from out of thin air!
The puff of frost hits you!
* * * LOW HITPOINT WARNING * * *
Something barely misses you.
A puff of frost appears from out of thin air!
The puff of frost hits you!
* * * LOW HITPOINT WARNING * * *
A magic dart appears from out of thin air!
The magic dart hits you!
* * * LOW HITPOINT WARNING * * *
You feel like a meek peon again.
A magic dart appears from out of thin air!
The magic dart hits you!
You die...

#..........#<.#..........#....
####..........'..'..........#....
..##..##########'#..........#'###
.(##..#................##+#......
g.#...#................#..#......
..#...#................#..#......
..##..#................+..'......
..##..#................#.)#......
..#####.).......@......##'#......
.o##..#......#'#########..#######
..)...#......#......#.......'...#
..##..#......#......#.......#...#
####..#......#......#.......#...#
#...#......#......#.......#...#
#.g.#......#......#.......#...#
##)##......#..#########..###.##
#....#######..######.##..###.##


There were no monsters in sight!

Vanquished Creatures
  Grinder (D:3)
  2 centaur skeletons (D:4)
  Jessica (D:3)
  An iguana (D:4)
  Natasha (thrice) (D:4)
  2 worker ants (D:4)
  3 adders (D:2)
  A gnoll (D:4)
  An ooze (D:1)
  3 worms
  3 dart slugs
  4 leopard geckos
  An orc (D:4)
  5 bats
  4 giant cockroaches
  10 hobgoblins
  18 jackals
  A quokka (D:2)
  5 frilled lizards
  8 goblins
  10 kobolds
  13 rats
100 creatures vanquished.

Vanquished Creatures (collateral kills)
  A gnoll (D:4)
  An adder (D:3)
2 creatures vanquished.

Grand Total: 102 creatures vanquished

Notes
Turn   | Place    | Note
-------+----------+-------------------------------------------
     0 | D:1      | PhynixH2O the Demonspawn Gladiator began the quest for the Orb.
     0 | D:1      | Reached XP level 1. HP: 16/16 MP: 1/1
   315 | D:1      | Gained mutation: You are partially covered in iridescent scales. (AC +2) [demonic ancestry]
   315 | D:1      | Reached XP level 2. HP: 23/23 MP: 2/2
   494 | D:1      | Reached skill level 3 in Fighting
   590 | D:1      | Gained mutation: A weak demonic guardian rushes to your aid. [demonic ancestry]
   590 | D:1      | Reached XP level 3. HP: 29/29 MP: 3/3
  1178 | D:2      | Found a shattered altar of Ashenzari.
  1445 | D:2      | Gained mutation: You regenerate a little health from kills. [demonic ancestry]
  1445 | D:2      | Reached XP level 4. HP: 34/37 MP: 4/4
  1652 | D:2      | Reached skill level 4 in Fighting
  2344 | D:3      | Found an iron altar of Okawaru.
  2357 | D:3      | Became a worshipper of Warmaster Okawaru
  2438 | D:3      | Noticed Grinder
  2787 | D:3      | Killed Grinder
  2787 | D:3      | Reached * piety under Okawaru
  2787 | D:3      | Reached skill level 5 in Fighting
  2787 | D:3      | Reached XP level 5. HP: 19/44 MP: 5/5
  2787 | D:3      | Reached XP level 6. HP: 22/51 MP: 6/6
  3120 | D:3      | Noticed Jessica
  3132 | D:3      | Killed Jessica
  3440 | D:3      | Found a runed door.
  3642 | D:4      | Noticed Natasha
  3645 | D:4      | Killed Natasha
  3656 | D:4      | Noticed Natasha
  3662 | D:4      | Killed Natasha
  3662 | D:4      | Reached skill level 6 in Fighting
  3885 | D:4      | Noticed Natasha
  3890 | D:4      | Killed Natasha
  3890 | D:4      | Reached ** piety under Okawaru
  3913 | D:4      | Reached XP level 7. HP: 38/59 MP: 7/7
  3982 | D:4      | Noticed Blork the orc
  4023 | D:4      | Killed from afar by Blork the orc

Skill      XL: |  1  2  3  4  5  6 |
---------------+-------------------+-----
Axes           | 3 4 |  4.6
Fighting       | 3 5 6 |  6.4
Throwing       | |  1.7
Dodging        | |  2.6

Action                   |  1- 3 |  4- 6 |  7- 9 || total
-------------------------+-------+-------+-------++-------
Melee: War axe           |   104 |   164 |     6 ||   274
Throw: Throwing net      |     3 |       |       ||     3
Invok: Heroism           |       |       |     1 ||     1
  Use: Scroll            |       |     2 |       ||     2
 Stab: Distracted        |       |     1 |       ||     1
       Sleeping          |       |     2 |       ||     2
  Eat: Chunk             |     2 |     8 |       ||    10
Armor: Leather armour    |    30 |    56 |     4 ||    90
Dodge: Dodged            |    71 |   125 |    12 ||   208
